 Dungeon Crawl Stone Soup version 0.28.0-47-ge53b351184 (webtiles) character file.

Game seed: 2415500748561285237

5732 pkoi the Arsonist (level 10, -2/64 (77) HPs)
             Began as a Demigod Fire Elementalist on May 2, 2022.
             Slain by a spectral orc knight (3 damage)
             ... summoned by Nergalle
             ... on level 10 of the Dungeon.
             The game lasted 00:20:49 (15700 turns).

pkoi the Arsonist (Demigod Fire Elementalist)      Turns: 15700, Time: 00:20:50

HP:   -2/64 (77)    AC:  7    Str:  9    XL:     10   Next: 24%
MP:   20/21         EV: 13    Int: 41    God:
Gold: 587           SH:  0    Dex: 14    Spells: 3/19 levels left

rFire   + . .      SeeInvis .   D - +2 trident (venom)
rCold   + . .      Faith    .   (no shield)
rNeg    . . .      Spirit   .   v - +2 robe {rC+ rF+}
rPois   .          Reflect  .   (no helmet)
rElec   .          Harm     .   F - +2 cloak
rCorr   .          Rampage  .   (no gloves)
Will    +....                   (no boots)
Stlth   ++........              (no amulet)
HPRegen 0.20/turn               i - +6 ring of intelligence
MPRegen 0.17/turn               A - +6 ring of intelligence

@: heavily drained
A: high MP 1, forlorn, divine attributes
a: no special abilities


You were on level 10 of the Dungeon.
You visited 2 branches of the dungeon, and saw 11 of its levels.

You collected 587 gold pieces.

Inventory:

Hand Weapons
 a - a +4 trident of freezing
 c - a +0 short sword
 t - a +3 short sword of draining
 u - a +0 dagger of venom
 D - a +2 trident of venom (weapon)
Missiles
 d - 8 boomerangs
 l - 20 poisoned darts
Armour
 v - a +2 robe of resistance (worn)
 F - a +2 cloak (worn)
Jewellery
 h - an amulet of guardian spirit
 i - a +6 ring of intelligence (left hand)
 A - a +6 ring of intelligence (right hand)
 E - a ring of protection from cold
 H - a +4 ring of protection
Wands
 B - a wand of flame (25)
 C - a wand of paralysis (5)
 G - a wand of iceblast (6)
Scrolls
 b - 6 scrolls of teleportation
 o - a scroll of brand weapon {unknown}
 s - 3 scrolls of identify
 w - 2 scrolls of enchant armour
 x - a scroll of blinking
 y - 2 scrolls of amnesia
 I - a scroll of magic mapping
Potions
 e - a potion of haste {unknown}
 f - 2 potions of invisibility
 g - 3 potions of curing
 j - 2 potions of cancellation {unknown}
 k - a potion of lignification
 m - 2 potions of berserk rage
 n - a potion of flight {unknown}
 p - 4 potions of mutation {unknown}
 q - 3 potions of heal wounds {unknown}
 r - 2 potions of might
 z - a potion of ambrosia {unknown}


   Skills:
 - Level 3.0 Fighting
 - Level 3.0 Armour
 + Level 3.6 Dodging
 + Level 2.7 Stealth
 - Level 5.0 Spellcasting
 - Level 7.0 Conjurations
 - Level 4.0 Hexes
 + Level 1.6 Summonings
 - Level 8.0 Fire Magic
 + Level 3.8 Ice Magic
 + Level 1.6 Evocations


You had 3 spell levels left.
You knew the following spells:

 Your Spells              Type           Power      Damage    Failure   Level
a - Foxfire               Conj/Fire      100%       2x1d9     1%          1
b - Scorch                Fire           100%       2d10      1%          2
c - Conjure Flame         Conj/Fire      64%        6-21      1%          3
d - Inner Flame           Hex/Fire       56%        N/A       1%          3
e - Frozen Ramparts       Ice            82%        1d10      1%          3
f - Summon Ice Beast      Ice/Summ       32%        N/A       9%          4

Your spell library contained the following spells:

 Spells                   Type           Power      Damage    Failure   Level
 Freeze                   Ice            100%       1d11      1%          1
 Confusing Touch          Hex            43%        N/A       1%          3
 Flame Wave               Conj/Fire      64%        2d12      1%          4
 Hailstorm                Conj/Ice       53%        3d12      3%          4
 Ice Form                 Ice/Tmut       25%        N/A       13%         4
 Yara's Violent Unravell  Hex/Tmut       13%        3d7       32%         5
 Enfeeble                 Hex            21%        N/A       99%         7


Dungeon Overview and Level Annotations

Branches:
Dungeon (10/15)            Temple (1/1) D:5
   Lair: D:8-11         Orc: D:9-12

Annotations:
D:10 Nergalle


Innate Abilities, Weirdness & Mutations

You have an increased reservoir of magic. (+10% MP)
You shall have no god before yourself.
Your divine heritage dramatically boosts your attributes as you level up.


Message History

The spectral orc warlord barely misses you.
Your ice beast closely misses Nergalle.
The spectral orc warrior misses you.
The spectral orc warlord hits you from afar with a +0 glaive of protection!!
* * * LOW HITPOINT WARNING * * *
You feel drained.
* * * LOW HITPOINT WARNING * * *
Your ice beast hits Nergalle.
Flame seeps out of Nergalle.
Your ice beast freezes Nergalle.
Flame seeps out of Nergalle.
The spectral orc warrior hits you but does no damage.
Nergalle is engulfed in blazing flames.
Flame seeps out of Nergalle.
Nergalle points at you and mumbles some strange words.
Orcish apparitions take form around you.
Your ice beast hits Nergalle.
Flame seeps out of Nergalle.
Your ice beast freezes Nergalle!
Flame seeps out of Nergalle.
Nergalle is engulfed in blazing flames.
Flame seeps out of Nergalle.
Nergalle casts a spell at the spectral orc warlord.
The spectral orc warlord seems to speed up.
Unknown command.
Your ice beast barely misses Nergalle.
Nergalle is engulfed in blazing flames.
Flame seeps out of Nergalle.
The spectral orc knight barely misses you.
The spectral orc warlord closely misses you.
The spectral orc warrior hits you with a +0 short sword.
* * * LOW HITPOINT WARNING * * *
You feel drained.
Nergalle's inner flame fades away.
Nergalle gestures at you while chanting.
Orcish apparitions take form around you.
The spectral orc knight hits you with a +0 battleaxe!!
* * * LOW HITPOINT WARNING * * *
Your ice beast misses Nergalle.
The spectral orc knight misses you.
The spectral orc knight hits you with a +0 broad axe.
* * * LOW HITPOINT WARNING * * *
You feel drained.
* * * LOW HITPOINT WARNING * * *
There is a stone staircase leading up, spattered with blood here.
The spectral orc knight hits you!
* * * LOW HITPOINT WARNING * * *
You feel drained.
You die...

....#
#........#
..$.#
####........#
.....
........Y...#
..........o..#
.............#
#####..Z..)..#
#....ZZ..#
#....ZZZZ#
#.....@..#
#.....)..#
#........#
#.....)..#
#........#
#.....)..####
#..)..........
#........#####
#.......##


You could see Nergalle (ally target), a spectral orc (summoned), 2 spectral orc
warriors, 3 spectral orc knights, a spectral orc warlord (summoned, fast) and a
friendly ice beast (summoned).

Vanquished Creatures
  Erica (D:10)
  A two-headed ogre (D:9)
  Maurice (D:10)
  2 trolls (D:9)
  2 wraiths
  Eustachio (D:4)
  A steam dragon (D:9)
  An acid dragon (D:9)
  A water moccasin (D:7)
  Duvessa (D:5)
  An orc warrior (D:9)
  A black bear (D:6)
  An ice beast (D:6)
  4 ogres
  A centaur (D:10)
  A phantom (D:7)
  Blork the orc (D:4)
  5 bullfrogs
  A scorpion (D:6)
  2 gnoll sergeants
  A water moccasin zombie (D:6)
  Dowan (D:5)
  13 wights
  A howler monkey (D:7)
  A jelly (D:7)
  A gnoll shaman (D:7)
  3 hounds
  4 orc priests
  4 iguanas
  6 orc wizards
  A hound skeleton (D:4)
  A howler monkey zombie (D:9)
  11 gnolls
  A howler monkey skeleton (D:6)
  7 adders
  A shadow imp (D:7)
  2 white imps (D:8)
  3 ufetubi
  3 worms
  9 dart slugs (D:4)
  25 orcs
  5 endoplasms
  2 giant cockroaches
  7 goblins
  9 hobgoblins
  4 jackals
  5 kobolds
  5 quokkas
  5 ball pythons
  5 bats
  A frilled lizard (D:1)
  3 rats
180 creatures vanquished.

Vanquished Creatures (others)
  745 foxfires
  A fungus (D:9)
746 creatures vanquished.

Grand Total: 926 creatures vanquished

Notes
Turn   | Place    | Note
-------+----------+-------------------------------------------
     0 | D:1      | pkoi the Demigod Fire Elementalist began the quest for the
                  | Orb.
     0 | D:1      | Reached XP level 1. HP: 14/14 MP: 5/5
   275 | D:1      | Reached skill level 3 in Fire Magic
   415 | D:1      | Reached XP level 2. HP: 17/20 MP: 1/7
  1605 | D:2      | Reached skill level 4 in Fire Magic
  1605 | D:2      | Reached XP level 3. HP: 17/26 MP: 3/8
  1709 | D:2      | Learned a level 2 spell: Scorch
  1880 | D:2      | Reached skill level 1 in Conjurations
  2671 | D:3      | You fall into a shaft and drop 2 floors!
  2671 | D:5      | Entered Level 5 of the Dungeon
  2730 | D:5      | Reached XP level 4. HP: 24/33 MP: 2/9
  3570 | D:5      | Reached XP level 5. HP: 38/38 MP: 11/11
  3866 | D:5      | Noticed an ogre
  3872 | D:5      | Killed an ogre
  3873 | D:5      | Reached skill level 5 in Fire Magic
  3915 | D:5      | Reached XP level 6. HP: 45/45 MP: 0/12
  3919 | D:5      | Learned a level 3 spell: Conjure Flame
  4285 | D:4      | Noticed Blork the orc
  4362 | D:5      | Noticed Duvessa
  4401 | D:4      | Killed Blork the orc
  4404 | D:4      | Noticed Eustachio
  4411 | D:5      | Noticed Dowan
  4413 | D:5      | Found a staircase to the Ecumenical Temple.
  4485 | D:5      | Killed Duvessa
  4486 | D:5      | Reached XP level 7. HP: 36/50 MP: 4/14
  4872 | Temple   | Entered the Ecumenical Temple
  4968 | D:5      | Killed Dowan
  4969 | D:5      | Reached skill level 6 in Fire Magic
  5423 | D:4      | Killed Eustachio
  5510 | D:4      | Identified the +2 robe of a wizard's laboratory {Dex+3}
  5537 | D:4      | Reached skill level 5 in Conjurations
  5955 | D:3      | Learned a level 3 spell: Inner Flame
  7536 | D:6      | Reached XP level 8. HP: 51/57 MP: 10/17
  7756 | D:6      | Reached skill level 7 in Fire Magic
  9171 | D:6      | Reached skill level 1 in Hexes
 10835 | D:7      | Learned a level 3 spell: Frozen Ramparts
 10895 | D:7      | Reached XP level 9. HP: 62/62 MP: 9/19
 11815 | D:8      | Reached skill level 1 in Fighting
 11815 | D:8      | Reached skill level 1 in Armour
 11815 | D:8      | Reached skill level 1 in Ice Magic
 11981 | D:8      | Reached skill level 5 in Spellcasting
 11981 | D:8      | Reached skill level 8 in Fire Magic
 14648 | D:9      | Noticed a two-headed ogre
 14656 | D:9      | Killed a two-headed ogre
 14895 | D:9      | Reached XP level 10. HP: 53/77 MP: 10/21
 15285 | D:9      | Learned a level 4 spell: Summon Ice Beast
 15340 | D:10     | Entered Level 10 of the Dungeon
 15340 | D:10     | Noticed Erica
 15346 | D:10     | Killed Erica
 15347 | D:10     | Reached skill level 1 in Summonings
 15347 | D:10     | Reached skill level 1 in Evocations
 15359 | D:10     | Noticed Maurice
 15367 | D:10     | Killed Maurice
 15658 | D:10     | Noticed Nergalle
 15659 | D:10     | Noticed a spectral orc warlord
 15700 | D:10     | HP: 1/67 [spectral orc knight[Nergalle] (12)]
 15700 | D:10     | Slain by a spectral orc knight

Illustrated notes

Levels and vault maps discovered:
D:1:      erik_arrival_triangle_small, layout_basic, serial_forest,
          infiniplex_forest_lined_1, infiniplex_forest_straight_2,
          infiniplex_forest_clump_medium, infiniplex_forest_lined_4_way,
          infiniplex_forest_lined_room_2, infiniplex_forest_clump_small,
          infiniplex_forest_lined_1, basic_ecumenical_altar
D:2:      layout_rooms
D:3:      minmay_skewed_foursquare, layout_basic, mainiacjoe_overflow_alcove_1,
          elyvilon_altar_5, serial_glass, glass_columns_a, glass_columns_a
D:4:      kennysheep_slugbush, layout_cave_pools, overflow_temple_1_default,
          uniq_blork_the_orc, uniq_eustachio
D:5:      layout_loops_corners, minmay_temple_entry_crystal_x, st_stairs_4,
          uniq_duvessa
D:6:      layout_basic, minmay_crystal_room
D:7:      layout_loops_ring, fedhas_ov_isle_minmay
D:8:      layout_basic, nicolae_dithmenos_shadow_blocks
D:9:      layout_basic, mainiacjoe_overflow_24_doors,
          chequers_temple_overflow_minitemple, mainiacjoe_overflow_boulevard,
          serial_co_window_serial, co_window_of_opportunity_a,
          co_window_paths_a, co_window_paths_b, co_window_corner_a,
          co_window_paths_b, co_window_corner_ca, co_window_broadway_a,
          co_window_cross_2, co_window_4corner_b, glass_columns_a,
          glass_columns_b
D:10:     layout_long_grid, worldfamousw_hep_ancestral_shrine,
          dpeg_oklobed_lair, lightli_corner_chamber, uniq_nergalle,
          uniq_maurice, uniq_erica, uniq_grum
Temple:   cyrus_temple_forest

Skill      XL: |  1  2  3  4  5  6  7  8  9 10 |
---------------+-------------------------------+-----
Fire Magic     | 3 4 5 6 7 8 |  8.0
Conjurations   | 1 2 3 4 5 6 7 |  7.0
Spellcasting   | 2 3 4 5 |  5.0
Hexes          | 2 4 |  4.0
Fighting       | 3 |  3.0
Armour         | 3 |  3.0
Ice Magic      | 3 |  3.8
Dodging        | 3 |  3.6
Stealth        | 2 |  2.7
Summonings     | 1 |  1.6
Evocations     | 1 |  1.6

Action                   |  1- 3 |  4- 6 |  7- 9 | 10-12 || total
-------------------------+-------+-------+-------+-------++-------
Melee: Unarmed           |     1 |       |       |       ||     1
       Short sword       |    22 |    10 |       |       ||    32
       Dagger            |       |       |     5 |       ||     5
       Trident           |       |       |     6 |       ||     6
 Cast: Foxfire           |   107 |    68 |   238 |    18 ||   431
       Scorch            |       |     2 |    41 |       ||    43
       Inner Flame       |       |       |    38 |     7 ||    45
       Conjure Flame     |       |       |     9 |       ||     9
       Frozen Ramparts   |       |       |     3 |       ||     3
       Summon Ice Beast  |       |       |       |     1 ||     1
  Use: Scroll            |       |       |    16 |       ||    16
 Stab: Sleeping          |     1 |       |       |       ||     1
Armor: Robe              |    13 |     1 |    24 |     2 ||    40
Dodge: Dodged            |    21 |    13 |    70 |    12 ||   116
